TOP OF THE 1ST |
Maui Tropics batting - Pitching for El Dorado Oilers : RHP Barton Johnson
|
Pitching: RHP Barton Johnson
|
|
Batting: RHB Roberto Gómez
|
0-0: Ball 1-0: Foul Ball, location: 2F 1-1: Foul Ball, location: 2F 1-2: Ground out 4-3 (Groundball, 4)
|
Batting: LHB Dave Cook
|
0-0: Foul Ball, location: 2F 0-1: Swinging Strike 0-2: Ball 1-2: Foul Ball, location: 2F 1-2: Strikes out swinging
|
Batting: RHB Jesús Espinoza
|
0-0: Ball 1-0: Fly out, F3 (Popup, 23F)
|
Top of the 1st over - 0 runs, 0 hits, 0 errors, 0 left on base; Maui 0 - El Dorado 0 |
BOTTOM OF THE 1ST |
El Dorado Oilers batting - Pitching for Maui Tropics : RHP Steve Floyd
|
Pitching: RHP Steve Floyd
|
|
Batting: LHB Al Gaines
|
0-0: Swinging Strike 0-1: Called Strike 0-2: Foul Ball, location: 2F 0-2: SINGLE (Line Drive, 4D)
|
Batting: SHB Theron Harper
|
0-0: Fly out, F3 (Popup, 3F)
|
Batting: RHB Ernesto Acosta
|
0-0: Ball 1-0: Grounds into double play, 4-6-3 (Groundball, 4M)
|
Bottom of the 1st over - 0 runs, 1 hit, 0 errors, 0 left on base; Maui 0 - El Dorado 0 |
TOP OF THE 2ND |
Maui Tropics batting - Pitching for El Dorado Oilers : RHP Barton Johnson
|
Batting: RHB Luis Alou
|
0-0: Ball 1-0: SOLO HOME RUN (Flyball, 7LD), Distance : 364 ft
|
Batting: LHB Luis Antonio Torres
|
0-0: Ball 1-0: Ground out 6-3 (Groundball, 6M)
|
Batting: RHB José Rodríguez
|
0-0: SINGLE (Groundball, 6MD)
|
Batting: RHB Michael Woodruff
|
0-0: Ball 1-0: Fly out, F9 (Flyball, 9D)
|
Batting: RHB Matt Silver
|
0-0: Ball 1-0: Fly out, F7 (Flyball, 7S)
|
Top of the 2nd over - 1 run, 2 hits, 0 errors, 1 left on base; Maui 1 - El Dorado 0 |
BOTTOM OF THE 2ND |
El Dorado Oilers batting - Pitching for Maui Tropics : RHP Steve Floyd
|
Batting: LHB José Hernández
|
0-0: Ball 1-0: Ball 2-0: Foul Ball, location: 2F 2-1: Foul Ball, location: 2F 2-2: Ball 3-2: SINGLE (Groundball, 4D)
|
Batting: LHB Ashley Pickhills
|
0-0: Ball 1-0: Ground out U3 (Groundball, 34S) José Hernández to second
|
Batting: RHB José Carlos Caraballo
|
0-0: Ball 1-0: SINGLE (Line Drive, 9LS) José Hernández to third
|
Batting: LHB Mathew Clayton
|
0-0: Ball 1-0: SINGLE (Flyball, 9LS) José Hernández scores José Carlos Caraballo to second Runner from 2nd tries for 3rd, SAFE, throw made to third
|
Batting: RHB Tony Hernández
|
0-0: Ball 1-0: Fly out, F9 (Flyball, 9D) Runner from 3rd tags up, OUT at HOME
|
Bottom of the 2nd over - 1 run, 3 hits, 0 errors, 1 left on base; Maui 1 - El Dorado 1 |
TOP OF THE 3RD |
Maui Tropics batting - Pitching for El Dorado Oilers : RHP Barton Johnson
|
Batting: RHB John Brown
|
0-0: Ball 1-0: Fly out, F4 (Flyball, 34D)
|
Batting: RHB Roberto Gómez
|
0-0: Foul Ball, location: 2F 0-1: Called Strike 0-2: SINGLE (Groundball, 6MD)
|
Batting: LHB Dave Cook
|
0-0: Swinging Strike 0-1: Ball 1-1: Ball 2-1: Ball 3-1: Base on Balls Roberto Gómez to second
|
Batting: RHB Jesús Espinoza
|
0-0: Called Strike 0-1: Ball 1-1: SINGLE (Groundball, 4MD) Roberto Gómez to third Dave Cook to second Runner from 3rd tries for Home, SAFE, no throw
|
Batting: RHB Luis Alou
|
0-0: SINGLE (Line Drive, 9S) Dave Cook to third Jesús Espinoza to second
|
Batting: LHB Luis Antonio Torres
|
0-0: Ball 1-0: Ball 2-0: Called Strike 2-1: Ball 3-1: Base on Balls Dave Cook scores Jesús Espinoza to third Luis Alou to second
|
Batting: RHB José Rodríguez
|
0-0: Ball 1-0: Called Strike 1-1: Foul Ball, location: 2F 1-2: Fly out, F7 (Flyball, 7LM) Runner from 3rd tags up, OUT at HOME
|
Top of the 3rd over - 2 runs, 3 hits, 0 errors, 2 left on base; Maui 3 - El Dorado 1 |
BOTTOM OF THE 3RD |
El Dorado Oilers batting - Pitching for Maui Tropics : RHP Steve Floyd
|
Batting: RHB Vicente Carona
|
0-0: Called Strike 0-1: SINGLE (Groundball, 6MD)
|
Batting: LHB Al Gaines
|
0-0: Ball 1-0: Called Strike 1-1: Ball 2-1: Fly out, F8 (Flyball, 8RD)
|
Batting: SHB Theron Harper
|
0-0: Ball 1-0: Ground out U3 (Groundball, 3S) Vicente Carona to second
|
Batting: RHB Ernesto Acosta
|
0-0: Ball 1-0: 2-RUN HOME RUN (Flyball, 7D), Distance : 379 ft
|
Batting: LHB José Hernández
|
0-0: Swinging Strike 0-1: Swinging Strike 0-2: Ball 1-2: Ball 2-2: Strikes out swinging
|
Bottom of the 3rd over - 2 runs, 2 hits, 0 errors, 0 left on base; Maui 3 - El Dorado 3 |
TOP OF THE 4TH |
Maui Tropics batting - Pitching for El Dorado Oilers : RHP Barton Johnson
|
Batting: RHB Michael Woodruff
|
0-0: Called Strike 0-1: Swinging Strike 0-2: Foul Ball, location: 2F 0-2: Ball 1-2: Ground out U3 (Groundball, 34)
|
Batting: RHB Matt Silver
|
0-0: Fly out, F8 (Flyball, 8RXD)
|
Batting: RHB John Brown
|
0-0: Called Strike 0-1: Ball 1-1: Ball 2-1: Swinging Strike 2-2: Ball 3-2: Foul Ball, location: 2F 3-2: Foul Ball, location: 2F 3-2: Reached on error, E6 (Groundball, 6M)
|
Batting: RHB Roberto Gómez
|
0-0: Ball 1-0: Foul Ball, location: 2F 1-1: Ball 2-1: Foul Ball, location: 2F 2-2: Foul Ball, location: 2F 2-2: Ground out 4-3 (Groundball, 4)
|
Top of the 4th over - 0 runs, 0 hits, 1 error, 1 left on base; Maui 3 - El Dorado 3 |
BOTTOM OF THE 4TH |
El Dorado Oilers batting - Pitching for Maui Tropics : RHP Steve Floyd
|
Batting: LHB Ashley Pickhills
|
0-0: Ball 1-0: Ball 2-0: Ball 3-0: Called Strike 3-1: SINGLE (Groundball, 4MD)
|
Batting: RHB José Carlos Caraballo
|
0-0: Ball Ashley Pickhills steals 2nd base 1-0: Ball 2-0: Swinging Strike 2-1: Ground out 6-3 (Groundball, 6)
|
Batting: LHB Mathew Clayton
|
0-0: Ball 1-0: Ball 2-0: Ball 3-0: Called Strike 3-1: Fly out, F7 (Flyball, 78S)
|
Batting: RHB Tony Hernández
|
0-0: Ground out 4-3 (Groundball, 4)
|
Bottom of the 4th over - 0 runs, 1 hit, 0 errors, 1 left on base; Maui 3 - El Dorado 3 |
TOP OF THE 5TH |
Maui Tropics batting - Pitching for El Dorado Oilers : RHP Barton Johnson
|
Batting: LHB Dave Cook
|
0-0: Ball 1-0: Swinging Strike 1-1: Ball 2-1: Ball 3-1: Foul Ball, location: 2F 3-2: Base on Balls
|
Batting: RHB Jesús Espinoza
|
0-0: Ball 1-0: Ball 2-0: Foul Ball, location: 2F 2-1: Ball 3-1: Fly out, F9 (Flyball, 89D)
|
Batting: RHB Luis Alou
|
0-0: Ball 1-0: DOUBLE (Line Drive, 7LS) Dave Cook to third
|
Batting: LHB Luis Antonio Torres
|
0-0: Ball 1-0: Ball 2-0: 3-RUN HOME RUN (Flyball, 9D), Distance : 387 ft
|
Batting: RHB José Rodríguez
|
0-0: Foul Ball, location: 2F 0-1: Ball 1-1: Called Strike 1-2: Ball 2-2: Ball 3-2: DOUBLE (Flyball, 8RXD)
|
Pitching: RHP Félix Andrade
|
|
Batting: RHB Michael Woodruff
|
0-0: Ball 1-0: Fly out, F8 (Flyball, 8RD)
|
Batting: RHB Matt Silver
|
0-0: Ground out 5-3 (Groundball, 56)
|
Top of the 5th over - 3 runs, 3 hits, 0 errors, 1 left on base; Maui 6 - El Dorado 3 |
BOTTOM OF THE 5TH |
El Dorado Oilers batting - Pitching for Maui Tropics : RHP Steve Floyd
|
Batting: RHB Vicente Carona
|
0-0: Ball 1-0: Ball 2-0: Called Strike 2-1: Ground out 5-3 (Groundball, 56)
|
Batting: LHB Al Gaines
|
0-0: Ball 1-0: Ball 2-0: Foul Ball, location: 2F 2-1: DOUBLE (Line Drive, 78D)
|
Batting: SHB Theron Harper
|
0-0: Ball 1-0: Ball 2-0: Ball 3-0: Called Strike 3-1: Fly out, F9 (Line Drive, 89S)
|
Batting: RHB Ernesto Acosta
|
0-0: Ball 1-0: Ball 2-0: Ball 3-0: Called Strike 3-1: DOUBLE (Line Drive, 7LD) Al Gaines scores
|
Batting: LHB José Hernández
|
0-0: Foul Ball, location: 2F 0-1: Ball 1-1: Ground out 4-3 (Groundball, 4)
|
Bottom of the 5th over - 1 run, 2 hits, 0 errors, 1 left on base; Maui 6 - El Dorado 4 |
TOP OF THE 6TH |
Maui Tropics batting - Pitching for El Dorado Oilers : RHP Félix Andrade
|
Batting: RHB John Brown
|
0-0: Ball 1-0: Foul Ball, location: 2F 1-1: Called Strike 1-2: Strikes out swinging
|
Batting: RHB Roberto Gómez
|
0-0: Foul Ball, location: 2F 0-1: Called Strike 0-2: Strikes out swinging
|
Batting: LHB Dave Cook
|
0-0: Ball 1-0: Swinging Strike 1-1: Ball 2-1: Ball 3-1: Foul Ball, location: 2F 3-2: SINGLE (Flyball, 8RS)
|
Batting: RHB Jesús Espinoza
|
0-0: Ball 1-0: Ball 2-0: Fly out, F1 (Popup, P)
|
Top of the 6th over - 0 runs, 1 hit, 0 errors, 1 left on base; Maui 6 - El Dorado 4 |
BOTTOM OF THE 6TH |
El Dorado Oilers batting - Pitching for Maui Tropics : RHP Steve Floyd
|
Batting: LHB Ashley Pickhills
|
0-0: Fly out, F7 (Flyball, 7)
|
Batting: RHB José Carlos Caraballo
|
0-0: Called Strike 0-1: SOLO HOME RUN (Line Drive, 7D), Distance : 375 ft
|
Pitching: RHP Ernest Elliott
|
|
Batting: LHB Mathew Clayton
|
0-0: Foul Ball, location: 2F 0-1: Foul Ball, location: 2F 0-2: Foul Ball, location: 2F 0-2: Ground out 4-3 (Groundball, 4D)
|
Batting: RHB Tony Hernández
|
0-0: Ground out 5-3 (Groundball, 56)
|
Bottom of the 6th over - 1 run, 1 hit, 0 errors, 0 left on base; Maui 6 - El Dorado 5 |
TOP OF THE 7TH |
Maui Tropics batting - Pitching for El Dorado Oilers : RHP Félix Andrade
|
Batting: RHB Luis Alou
|
0-0: Called Strike 0-1: Swinging Strike 0-2: Ball 1-2: Strikes out swinging, 2-3 out at first.
|
Batting: LHB Luis Antonio Torres
|
0-0: Ball 1-0: SINGLE (Line Drive, 6MD)
|
Pinch Hitting: LHB Ernesto López
|
0-0: Ball 1-0: Foul Ball, location: 2F 1-1: Fly out, F7 (Line Drive, 78M)
|
Batting: RHB Michael Woodruff
|
0-0: Ball 1-0: Ball 2-0: Ground out 4-3 (Groundball, 4)
|
Top of the 7th over - 0 runs, 1 hit, 0 errors, 1 left on base; Maui 6 - El Dorado 5 |
BOTTOM OF THE 7TH |
El Dorado Oilers batting - Pitching for Maui Tropics : RHP Ernest Elliott
|
Now in RF: Ernesto López
|
|
Batting: RHB Vicente Carona
|
0-0: Called Strike 0-1: Ball 1-1: Foul Ball, location: 2F 1-2: Foul Ball, location: 2F 1-2: Ball 2-2: DOUBLE (Line Drive, 7LM)
|
Batting: LHB Al Gaines
|
0-0: SINGLE (Groundball, 23) (infield hit) Vicente Carona to third
|
Batting: SHB Theron Harper
|
0-0: Ball 1-0: SINGLE (Flyball, 56D) Vicente Carona scores Al Gaines to second
|
Batting: RHB Ernesto Acosta
|
0-0: Foul Ball, location: 2F 0-1: Called Strike 0-2: Foul Ball, location: 2F 0-2: Ball 1-2: Foul Ball, location: 2F 1-2: Foul Ball, location: 2F 1-2: Foul Ball, location: 2F 1-2: Foul Ball, location: 2F 1-2: Ball 2-2: Ball 3-2: Fly out, F5 (Line Drive, 56)
|
Batting: LHB José Hernández
|
0-0: Called Strike 0-1: Foul Ball, location: 2F 0-2: Ball 1-2: Foul Ball, location: 2F 1-2: Foul Ball, location: 2F 1-2: Ball Passed Ball! Al Gaines to third Theron Harper to second 2-2: Ball 3-2: Intentional Walk
|
Batting: LHB Ashley Pickhills
|
0-0: Ball 1-0: Called Strike 1-1: DOUBLE (Line Drive, 89D) Al Gaines scores Theron Harper scores José Hernández to third
|
Pitching: RHP Archie Summers
|
|
Batting: RHB José Carlos Caraballo
|
0-0: Fly out, F7 (Flyball, 7S) Runner from 3rd tags up, SCORES, throw made
|
Batting: LHB Mathew Clayton
|
0-0: Fly out, F7 (Flyball, 78D)
|
Bottom of the 7th over - 4 runs, 4 hits, 0 errors, 1 left on base; Maui 6 - El Dorado 9 |
TOP OF THE 8TH |
Maui Tropics batting - Pitching for El Dorado Oilers : RHP Félix Andrade
|
Batting: RHB Matt Silver
|
0-0: Ball 1-0: Called Strike 1-1: Ball 2-1: Ground out 3-1 (Groundball, 34S)
|
Batting: RHB John Brown
|
0-0: Ball 1-0: Ground out 4-3 (Groundball, 4)
|
Batting: RHB Roberto Gómez
|
0-0: Ball 1-0: Ball 2-0: Called Strike 2-1: Ball 3-1: Base on Balls
|
Batting: LHB Dave Cook
|
0-0: Fly out, F8 (Flyball, 8RM)
|
Top of the 8th over - 0 runs, 0 hits, 0 errors, 1 left on base; Maui 6 - El Dorado 9 |
BOTTOM OF THE 8TH |
El Dorado Oilers batting - Pitching for Maui Tropics : RHP Archie Summers
|
Batting: RHB Tony Hernández
|
0-0: Called Strike 0-1: Ball 1-1: Ground out 5-3 (Groundball, 25)
|
Batting: RHB Vicente Carona
|
0-0: Ball 1-0: Ball 2-0: Foul Ball, location: 2F 2-1: Foul Ball, location: 2F 2-2: Ball 3-2: Foul Ball, location: 2F 3-2: Strikes out swinging
|
Batting: LHB Al Gaines
|
0-0: Ball 1-0: Ball 2-0: Foul Ball, location: 2F 2-1: Foul Ball, location: 2F 2-2: Strikes out swinging
|
Bottom of the 8th over - 0 runs, 0 hits, 0 errors, 0 left on base; Maui 6 - El Dorado 9 |
TOP OF THE 9TH |
Maui Tropics batting - Pitching for El Dorado Oilers : LHP António Coronado
|
Pitching: LHP António Coronado
|
|
Batting: RHB Jesús Espinoza
|
0-0: Called Strike 0-1: Ball 1-1: Foul Ball, location: 2F 1-2: Strikes out looking
|
Batting: RHB Luis Alou
|
0-0: Ball 1-0: Fly out, F8 (Flyball, 8LM)
|
Batting: LHB Luis Antonio Torres
|
0-0: Called Strike 0-1: Ball 1-1: Foul Ball, location: 2F 1-2: Ball 2-2: Ball 3-2: Strikes out looking
|
Top of the 9th over - 0 runs, 0 hits, 0 errors, 0 left on base; Maui 6 - El Dorado 9 |
|